 Dungeon Crawl Stone Soup version 0.28.0-1-gb440e238dd (webtiles) character file.

Game seed: 7425646503719064273

2230 hikkokomori the Geomancer (level 9, -7/45 HPs)
             Began as a Gargoyle Earth Elementalist on Feb 26, 2022.
             Was a Follower of Vehumet.
             Mangled by Duvessa (18 damage)
             ... on level 7 of the Dungeon.
             The game lasted 00:15:13 (7399 turns).

hikkokomori the Geomancer (GrEE)                    Turns: 7399, Time: 00:15:13

Health: -7/45      AC: 12    Str: 14    XL:     9   Next: 36%
Magic:  0/21       EV: 11    Int: 18    God:    Vehumet [*.....]
Gold:   309        SH:  0    Dex: 10    Spells: 17/24 levels left

rFire   . . .      SeeInvis .   p - +2 short sword (freeze)
rCold   . . .      Faith    .   (no shield)
rNeg    + . .      Spirit   .   A - +0 steam dragon scales
rPois   ∞          Reflect  .   (no helmet)
rElec   +          Harm     .   u - +0 cloak
rCorr   +          Rampage  .   (no gloves)
Will    .....                   (no boots)
Stlth   ++........              g - amulet of regeneration
HPRegen 0.95/turn               D - ring of resist corrosion
MPRegen 0.17/turn               (no ring)

@: hasted, very quick
A: sickness immunity, AC +6, negative energy resistance 1, electricity
resistance, torment resistance 1, petrification resistance
a: Renounce Religion


You were on level 7 of the Dungeon.
You worshipped Vehumet.
Vehumet was aware of your devotion.
You visited 2 branches of the dungeon, and saw 8 of its levels.

You collected 309 gold pieces.

Inventory:

Hand Weapons
 e - a +0 dagger
 j - a +1 long sword of holy wrath
 p - a +2 short sword of freezing (weapon)
 q - a +0 morningstar
 C - a +0 mace
Missiles
 c - 65 stones
 z - a throwing net
Armour
 b - a +0 robe
 o - an orb of energy
 u - a +0 cloak (worn)
 A - +0 steam dragon scales (worn)
 B - +0 acid dragon scales
Jewellery
 g - an amulet of regeneration (around neck)
 r - an amulet of guardian spirit
 v - a ring of ice
 D - a ring of resist corrosion (left hand)
Wands
 l - a wand of charming (13)
 m - a wand of flame (6)
Scrolls
 d - a scroll of blinking {unknown}
 f - 2 scrolls of enchant armour
 h - 2 scrolls of fear {unknown}
 i - 4 scrolls of teleportation
 k - a scroll of summoning
 s - a scroll of brand weapon {unknown}
 w - 2 scrolls of noise {unknown}
 x - a scroll of holy word {unknown}
 y - 2 scrolls of enchant weapon
Potions
 a - 2 potions of heal wounds
 n - 2 potions of haste
 t - a potion of invisibility
 E - a potion of curing {unknown}
 F - a potion of cancellation {unknown}


   Skills:
 - Level 1.5 Dodging
 - Level 2.1 Stealth
 + Level 8.1 Spellcasting
 - Level 0.7 Transmutations
 + Level 10.9 Earth Magic


You had 17 spell levels left.
You knew the following spells:

 Your Spells              Type           Power      Damage    Failure   Level
a - Sandblast             Erth           92%        2d19      1%          1
b - Passwall              Tmut/Erth      23%        N/A       1%          2
c - Stone Arrow           Conj/Erth      54%        3d10      3%          3
d - Shock                 Conj/Air       28%        1d4       10%         1

Your spell library contained the following spells:

 Spells                   Type           Power      Damage    Failure   Level
 Petrify                  Tmut/Erth      28%        N/A       9%          4


Dungeon Overview and Level Annotations

Branches:
Dungeon (7/15)             Temple (1/1) D:5

Altars:
Cheibriados
Dithmenos
Elyvilon
Fedhas
Kikubaaqudgha
Makhleb
Okawaru
Qazlal
Ru
Sif Muna
Trog
Uskayaw
Vehumet
Xom
Yredelemnul
Zin

Shops:
D:7 *

Annotations:
D:7 Duvessa


Innate Abilities, Weirdness & Mutations

You are immune to sickness and miasma.
Your stone body is resilient. (AC +6)
You are immune to poison.
You resist negative energy. (rN+)
You are resistant to electric shocks. (rElec)
You are resistant to unholy torment.
You are immune to petrification.


Message History

Aiming: Stone Arrow (dangerous; 3% risk of failure)
Press: ? - help, Shift-Dir - straight line, f/p - Duvessa
Aim: Duvessa, wielding a +0 short sword and wearing a +0 scale mail (lightly wounded, berserk, 79% to hit)
The stone arrow hits Duvessa!
Duvessa is heavily wounded.
Casting: Stone Arrow (dangerous; 3% risk of failure)
Confirm with . or Enter, or press ? or * to list all spells.
Aiming: Stone Arrow (dangerous; 3% risk of failure)
Press: ? - help, Shift-Dir - straight line, f/p - Duvessa
Aim: Duvessa, wielding a +0 short sword and wearing a +0 scale mail (heavily wounded, berserk, 79% to hit)
The stone arrow hits Duvessa!
Duvessa is severely wounded.
Duvessa barely misses you. Duvessa hits you with a +0 short sword.
Casting: Stone Arrow (dangerous; 3% risk of failure)
Confirm with . or Enter, or press ? or * to list all spells.
Aiming: Stone Arrow (dangerous; 3% risk of failure)
Press: ? - help, Shift-Dir - straight line, f/p - Duvessa
Aim: Duvessa, wielding a +0 short sword and wearing a +0 scale mail (severely wounded, berserk, 79% to hit)
The stone arrow hits Duvessa!
Duvessa is almost dead.
Duvessa hits you but does no damage.
Casting: Stone Arrow (dangerous; 3% risk of failure)
Confirm with . or Enter, or press ? or * to list all spells.
Aiming: Sandblast (safe; 1% risk of failure)
Press: ? - help, Shift-Dir - straight line, f/p - Duvessa
Aim: Duvessa, wielding a +0 short sword and wearing a +0 scale mail (almost dead, berserk, 87% to hit)
The blast of sand hits Duvessa.
Duvessa is almost dead.
Duvessa hits you with a +0 short sword! x2
You barely miss Duvessa.
Duvessa is almost dead.
Duvessa hits you with a +0 short sword!
Unknown command.
You feel yourself speed up. Duvessa completely misses you.
Duvessa hits you with a +0 short sword!
* * * LOW HITPOINT WARNING * * *
You hit Duvessa but do no damage.
Duvessa is almost dead.
Duvessa hits you with a +0 short sword!!
You die...

#.# ..# #.# #.# #.# #.# #.# #####
#.# #+ #.# ..(.############)# #.#
#.# ...............#.# ##+#.# #.#
.........#####.#e### #....###.###
.........# #.#@..# #...........
.........# #.###.# #....≈...###
.........# #.#...# #..........#
.........# #.#.#####..≈.∩.#....
##+#.[...# #.......#...........
##.#.....#######.###.##...§......
.............###+###.##..........
.#.#####.....##......##.#.#.#>...
... #.†...##.....>##.#...+....


You could see Duvessa (berserk).

Vanquished Creatures
  A steam dragon (D:6)
  An acid dragon (D:6)
  A hornet zombie (D:6)
  A sky beast (D:5)
  2 ice beasts (D:5)
  2 black bears (D:6)
  A necrophage (D:6)
  An orc warrior (D:7)
  An ogre (D:6)
  2 gnoll sergeants (D:6)
  4 scorpions
  Dowan (D:7)
  4 wights (D:6)
  A centaur zombie (D:6)
  A bullfrog zombie (D:3)
  Crazy Yiuf (D:4)
  An orc priest (D:5)
  A bullfrog skeleton (D:5)
  2 hounds
  A jelly (D:6)
  A centaur skeleton (D:6)
  3 iguanas
  A hound skeleton (D:4)
  A hound zombie (D:5)
  9 gnolls (D:6)
  6 adders
  3 white imps
  3 worms
  6 orcs
  9 ball pythons
  7 endoplasms
  2 giant cockroaches
  5 goblins
  8 hobgoblins
  3 jackals (D:2)
  5 quokkas
  7 bats
  4 frilled lizards
  5 kobolds
  7 rats
125 creatures vanquished.

Vanquished Creatures (others)
  An orc (D:7)
1 creature vanquished.

Grand Total: 126 creatures vanquished

Notes
Turn   | Place    | Note
-------+----------+-------------------------------------------
     0 | D:1      | hikkokomori the Gargoyle Earth Elementalist began the quest
                  | for the Orb.
     0 | D:1      | Reached XP level 1. HP: 10/10 MP: 3/3
   435 | D:1      | Reached XP level 2. HP: 15/15 MP: 5/5
   442 | D:1      | Reached skill level 4 in Earth Magic
  1521 | D:2      | You fall into a shaft and drop 1 floor!
  1548 | D:3      | Reached XP level 3. HP: 19/19 MP: 6/6
  1645 | D:3      | Reached XP level 4. HP: 16/24 MP: 8/8
  1981 | D:3      | Reached skill level 5 in Earth Magic
  2373 | D:2      | Found a faded altar of an unknown god.
  3206 | D:3      | Reached XP level 5. HP: 13/28 MP: 4/10
  3830 | D:4      | Found a sacrificial altar of Ru.
  4312 | D:4      | HP: 1/28 [scorpion (4)]
  4671 | D:4      | Reached skill level 6 in Earth Magic
  4927 | D:4      | Found a runed translucent door.
  4928 | D:4      | Noticed Crazy Yiuf
  4934 | D:4      | Killed Crazy Yiuf
  4935 | D:4      | Reached XP level 6. HP: 32/32 MP: 8/12
  4994 | D:5      | Entered Level 5 of the Dungeon
  5075 | D:5      | Noticed an ice beast
  5094 | D:4      | Learned a level 2 spell: Passwall
  5098 | D:4      | Learned a level 3 spell: Stone Arrow
  5106 | D:5      | Killed an ice beast
  5109 | D:5      | Reached skill level 7 in Earth Magic
  5109 | D:5      | Reached XP level 7. HP: 36/36 MP: 3/14
  5157 | D:5      | Reached skill level 5 in Spellcasting
  5360 | D:5      | Found a staircase to the Ecumenical Temple.
  5404 | Temple   | Entered the Ecumenical Temple
  5565 | Temple   | Became a worshipper of Vehumet
  6159 | D:6      | Reached skill level 8 in Earth Magic
  6248 | D:6      | Reached XP level 8. HP: 32/41 MP: 4/17
  6471 | D:6      | Reached skill level 9 in Earth Magic
  6588 | D:6      | Reached skill level 10 in Earth Magic
  6665 | D:6      | Reached XP level 9. HP: 39/45 MP: 20/20
  7094 | D:7      | Found Jowem's Elemental Accessories.
  7196 | D:7      | Reached * piety under Vehumet
  7196 | D:7      | Offered knowledge of Shock by Vehumet.
  7201 | D:7      | Learned a level 1 spell: Shock
  7367 | D:7      | Noticed Dowan
  7388 | D:7      | Noticed Duvessa
  7391 | D:7      | Killed Dowan
  7399 | D:7      | Mangled by Duvessa

Illustrated notes

Levels and vault maps discovered:
D:1:      onia_arrival_handbag, layout_loops_corners, minmay_tetromino_l4
D:2:      layout_loops_ring, ebering_ecumenical_altar_abandoned
D:3:      layout_basic, kennysheep_generic_room_12
D:4:      layout_loops_ring, mainiacjoe_overflow_brackets,
          kennysheep_decorative_pillar, uniq_crazy_yiuf_cottage
D:5:      layout_cave_pools, minmay_temple_entry_arrows
D:6:      layout_rooms, minivault_1
D:7:      black_bear_nest_2, layout_basic, nicolae_elemental_shop, st_stairs_4,
          uniq_duvessa
Temple:   regret_index_temple_generic_petals

Skill      XL: |  1  2  3  4  5  6  7  8  9 |
---------------+----------------------------+-----
Earth Magic    | 4 5 6 7 8 10 | 10.9
Spellcasting   | 3 4 6 7 8 |  8.1
Dodging        | |  1.5
Stealth        | |  2.1
Transmutations | |  0.7

Action                   |  1- 3 |  4- 6 |  7- 9 || total
-------------------------+-------+-------+-------++-------
Melee: Dagger            |    28 |       |       ||    28
       Unarmed           |     6 |       |       ||     6
       Long sword        |    26 |    83 |       ||   109
       Punch             |       |     1 |     2 ||     3
       Short sword       |       |    49 |    73 ||   122
 Cast: Sandblast         |    11 |    40 |    90 ||   141
       Stone Arrow       |       |     1 |    15 ||    16
Evoke: Wand              |       |       |     1 ||     1
  Use: Scroll            |       |     5 |     3 ||     8
       Potion            |       |       |     1 ||     1
 Stab: Sleeping          |     6 |     5 |       ||    11
Armor: Robe              |    19 |    91 |    39 ||   149
       Steam dragon scal |       |       |    19 ||    19
Dodge: Dodged            |    35 |   145 |    75 ||   255
